 Dungeon Crawl Stone Soup version 0.25-a0-292-gaa31f046c4 (webtiles) character file.

Game seed: 13851120464245204592, levelgen mode: deterministic

723 Luthien the Conjurer (level 7, -4/36 HPs)
             Began as a Deep Elf Conjurer on Dec 15, 2019.
             Slain by a hornet zombie (11 damage)
             ... on level 5 of the Dungeon.
             The game lasted 00:20:25 (5825 turns).

Luthien the Conjurer (Deep Elf Conjurer)            Turns: 5825, Time: 00:20:25

Health: -4/36      AC:  4    Str:  5    XL:     7   Next: 43%
Magic:  3/17       EV: 14    Int: 22    God:
Gold:   279        SH:  5    Dex: 15    Spells: 6/17 levels left

rFire    . . .     SeeInvis .   r - +0 falchion (curse)
rCold    . . .     Gourm    .   (no shield)
rNeg     . . .     Faith    .   x - +0 troll leather armour {Purgy}
rPois    .         Spirit   .   (no helmet)
rElec    .         Reflect  +   (no cloak)
rCorr    .         Harm     .   (no gloves)
MR       .....                  (no boots)
Stlth    +++.......             q - +5 amulet of reflection
HPRegen  0.52/turn              (no ring)
MPRegen  0.15/turn              (no ring)

@: no status effects
A: no striking features
a: no special abilities


You were on level 5 of the Dungeon.
You were not hungry.

You visited 1 branch of the dungeon, and saw 5 of its levels.
You also visited: Sewer.

You collected 279 gold pieces.

Inventory:

Hand Weapons
 k - a +0 club
 r - a cursed +0 falchion (weapon)
 u - the +9 trident "Vugis" {elec, *Contam rF++ Str+6, unknown}
   (You found it on level 4 of the Dungeon)

   Occasionally, upon striking a foe, it will discharge some electrical energy
   and cause terrible harm.
   It affects your strength (+6).
   It greatly protects you from fire.
   It causes magical contamination when unequipped.
Missiles
 o - 104 stones (quivered)
 C - 17 bolts
Armour
 a - a +0 robe
 p - a +0 buckler
 x - a +0 troll leather armour (worn) {Purgy}
Magical Staves
 D - an uncursed staff of wizardry {unknown}
Jewellery
 b - an uncursed amulet of faith
 q - a +5 amulet of reflection (around neck)
Wands
 y - a wand of paralysis (10)
Scrolls
 d - a scroll of magic mapping {unknown}
 e - 2 scrolls of remove curse {unknown}
 f - 3 scrolls of identify {unknown}
 h - 2 scrolls of random uselessness {unknown}
 i - 5 scrolls of teleportation {unknown}
 t - a scroll of amnesia {unknown}
 v - a scroll of fear {unknown}
Potions
 g - a potion of resistance {unknown}
 j - 2 potions of lignification {unknown}
 l - a potion of curing {unknown}
 m - a potion of brilliance {unknown}
 n - 2 potions of mutation {unknown}
 s - 2 potions of haste
 w - a potion of might {unknown}
 A - 2 potions of flight {unknown}
 B - a potion of agility {unknown}
Comestibles
 c - 6 rations
 z - 3 chunks of flesh {@w0}


   Skills:
 + Level 5.1 Dodging
 + Level 5.4 Stealth
 + Level 2.3 Shields
 + Level 5.7 Spellcasting
 + Level 6.0 Conjurations


You had 6 spell levels left.
You knew the following spells:

 Your Spells              Type           Power        Failure   Level  Hunger
a - Magic Dart            Conj           ####         1%          1    None
b - Searing Ray           Conj           ####..       1%          2    None
A - Fulminant Prism       Conj/Hex       ###.......   41%         4    ####...
B - Iskenderun's Mystic   Conj/Tloc      ###.....     41%         4    ####...

Your spell library contained the following spells:

 Spells                   Type           Power        Failure   Level  Hunger
 Dazzling Flash           Conj/Hex       ###...       14%         3    ##.....
 Beastly Appendage        Tmut           #.....       16%         1    None
 Sticks to Snakes         Tmut           #.......     24%         2    None
 Spider Form              Tmut/Pois      #.........   43%         3    ##.....
 Ice Form                 Ice/Tmut       #.......     83%         4    ####...
 Blade Hands              Tmut           #.........   99%         5    #####..


Dungeon Overview and Level Annotations

Branches:
Dungeon (5/15)              Sewer (visited)
 Temple: D:4-7

Altars:
Ashenzari
Fedhas

Annotations:
D:2 exclusions: fungus, oklob plant, plant and 2 more exclusions
D:3 1 runed translucent door, floatRand's ghost, amateur DsFi


Message History

A fulminant prism comes into view.
The hornet zombie hits you! x2
Your fulminant prism crackles loudly.
Your fulminant prism explodes!
The blast of energy engulfs the hornet zombie!
The hornet zombie is severely damaged.
You hear a howl!
Casting: Fulminant Prism (quite dangerous; 41% risk of failure)
Confirm with . or Enter, or press ? or * to list all spells.
Aiming: Searing Ray (safe; 1% risk of failure)
Press: ? - help, Shift-Dir - straight line The searing ray hits the hornet zombie.
The hornet zombie is severely damaged. (Press . to maintain the ray.)
The hornet zombie hits you!
* * * LOW HITPOINT WARNING * * *
The searing ray hits the hornet zombie!
The hornet zombie is almost destroyed.
The hornet zombie hits you!
You die...

..####.........#.#
.#
.......########..+
Z# #.###### #..#
.## ##.# ..#####
#.###+###.......
#.........#
#.#.###.### #Z#.#
#.# #@#.# #.#
.#####<#.###.#
#...........#.#
###########.#.#
#.#.# #.#.# #.#.#
#.#.# ##.#.#


You could see a hornet zombie.

Vanquished Creatures
  Purgy (D:4)
  An ogre (D:3)
  A phantom (D:4)
  A crocodile (Sewer)
  A scorpion (D:4)
  A centaur zombie (D:4)
  2 hounds (D:4)
  A centaur skeleton (D:4)
  A worker ant (D:4)
  6 adders
  2 oozes
  An adder skeleton (D:3)
  5 worms
  A dart slug (D:2)
  5 leopard geckos
  5 orcs
  10 bats
  9 giant cockroaches
  7 goblins
  12 hobgoblins
  12 jackals
  A quokka (D:5)
  A ball python (D:1)
  3 frilled lizards (D:2)
  10 kobolds
  11 rats
111 creatures vanquished.

Vanquished Creatures (others)
  15 fulminant prisms
15 creatures vanquished.

Grand Total: 126 creatures vanquished

Notes
Turn   | Place    | Note
-------+----------+-------------------------------------------
     0 | D:1      | Luthien the Deep Elf Conjurer began the quest for the Orb.
     0 | D:1      | Reached XP level 1. HP: 10/10 MP: 6/6
   317 | D:1      | Reached XP level 2. HP: 15/15 MP: 4/8
   321 | D:1      | Learned a level 2 spell: Searing Ray
   776 | D:1      | Reached XP level 3. HP: 19/19 MP: 4/9
  1730 | D:2      | Reached XP level 4. HP: 24/24 MP: 4/11
  2071 | D:2      | Reached skill level 5 in Conjurations
  2240 | D:2      | Found a blossoming altar of Fedhas.
  2250 | D:2      | Noticed an oklob plant
  2341 | D:2      | Learned a level 4 spell: Fulminant Prism
  2347 | D:2      | Learned a level 4 spell: Iskenderun's Mystic Blast
  3454 | D:3      | Noticed an ogre
  3458 | D:3      | Killed an ogre
  3458 | D:3      | Reached skill level 1 in Shields
  3458 | D:3      | Reached XP level 5. HP: 26/28 MP: 7/13
  3704 | D:3      | Found a runed translucent door.
  3846 | D:3      | Noticed floatRand's ghost (amateur DsFi)
  4139 | D:4      | Reached XP level 6. HP: 30/32 MP: 10/15
  4230 | D:4      | Noticed Purgy
  4447 | D:4      | Found a shattered altar of Ashenzari.
  4521 | D:4      | Reached skill level 5 in Spellcasting
  4696 | D:4      | Reached skill level 5 in Stealth
  4696 | D:4      | Reached XP level 7. HP: 28/36 MP: 7/16
  4789 | D:4      | Got an iridescent trident
  5219 | D:4      | Killed Purgy
  5405 | D:5      | Entered Level 5 of the Dungeon
  5455 | D:5      | Found a glowing drain.
  5519 | Sewer    | Entered a sewer
  5524 | Sewer    | Reached skill level 5 in Dodging
  5636 | Sewer    | Reached skill level 6 in Conjurations
  5825 | D:5      | Slain by a hornet zombie

Levels and vault maps discovered:
D:1:      minmay_arrival_up_and_down, layout_loops_ring
D:2:      layout_rooms, tgw_fedhas, minmay_heptomino_h4
D:3:      layout_basic, ebering_ghost_inner_flame
D:4:      layout_gridville, first_ration, chequers_serial_rivers_small_a,
          ashenzari_altar_1, uniq_purgy
D:5:      layout_loops_ring, lemuel_doored_altar,
          nicolae_overflow_hidden_temple, gup_sewer_entry_glass, uniq_sigmund

Skill      XL: |  1  2  3  4  5  6  7 |
---------------+----------------------+-----
Dodging        | 3 4 5 |  5.1
Stealth        | 3 4 5 |  5.4
Spellcasting   | 4 5 |  5.7
Conjurations   | 5 6 |  6.0
Shields        | 1 2 |  2.3

Action                   |  1- 3 |  4- 6 |  7- 9 || total
-------------------------+-------+-------+-------++-------
Melee: Unarmed           |     3 |       |       ||     3
       Club              |       |     3 |       ||     3
 Cast: Magic Dart        |    85 |    50 |     7 ||   142
       Searing Ray       |     9 |    28 |    13 ||    50
       Fulminant Prism   |       |    10 |     5 ||    15
  Eat: Chunk             |     3 |     9 |     4 ||    16
       Ration            |       |     1 |       ||     1
Armor: Robe              |     2 |     1 |       ||     3
       Troll leather arm |       |       |     1 ||     1
Dodge: Dodged            |     7 |     8 |     4 ||    19
Block: Other             |       |     1 |     1 ||     2
       Rpst.: Falchion   |       |     2 |     2 ||     4

Table legend:
 A = Non-vault XP
 B = Vault XP
 C = Vault XP percentage of total XP
 D = Non-vault monster count
 E = Vault monster count
 F = Vault count percentage of total count
                 A         B        C        D         E       F
            +---------+---------+-------+---------+---------+-------
      Total |     773 |     261 |  25.2 |     100 |      11 |   9.9
            +---------+---------+-------+---------+---------+-------
        D:1 |      44 |       0 |   0.0 |      23 |       0 |   0.0
        D:2 |     107 |       2 |   1.8 |      32 |       2 |   5.9
        D:3 |     173 |       0 |   0.0 |      20 |       0 |   0.0
        D:4 |     433 |     125 |  22.4 |      18 |       1 |   5.3
        D:5 |      16 |      15 |  48.4 |       7 |       2 |  22.2
      Sewer |       0 |     119 | 100.0 |       0 |       6 | 100.0
            +---------+---------+-------+---------+---------+-------
